Unix NetHack Version 5.0.0-0 post-release - last build May 31 2026 23:59:36 (970b52f25bf058293b47ddfd14a1e40e571c508c,branch:main).

Game began 2026-06-06 00:09:43, ended 2026-06-06 01:50:53.

Eisengrim, chaotic male elven Wizard

                        --------------------------------#
                        -........)....%................|#
                        |...------%-----.----  -----...|#
                        |...|(((|..|%%.-.-..|  |(%.|....##
                        |...|(..|..|%% |.| .|  |[[+|...|##
                        |...|.!)|-------.---|  |.!.|...|#
                        |...-|---...........-+---|--...|#
                        |..............................|#
                        |........{.----|--.{...........|#
                        |........%.|.....|.............|#
                        |...---|-..|.....|....--|--....|#
                        |...|+..|+-|.._..|.-|-|...|---.|#
                        |...|.]+|  |.....|.|..|(.(|  |.|#
                        |...|].+|  -------.|..|((!|  +.|#         #    ------
                        |...-----         .--------  -.|#         ##  #|....|
                        |...              .           .|#f#M@##########...<.|
                        -----            ---         ---#              ------

Eisengrim the Thaumaturge  St:10 Dx:15 Co:16 In:19 Wi:10 Ch:8  Chaotic
Dlvl:7  $:365 HP:0(43) Pw:26(74) AC:9  Xp:7 T:3211  Burdened

Latest messages:
 The housecat misses the hill orc.
 The large mimic hits!
 What do you want to zap? [cuwzK or ?*]
 In what direction?
 You kill the large mimic!
 Welcome to experience level 7.
 You kill the hill orc!
 Your housecat eats a large mimic corpse.
 You see a giant rat appear where your housecat was!
 You see here a large box (for sale, 1345 zorkmids).
 You see here a leash (for sale, 27 zorkmids).
 You do not owe Lapu anything.
 There are many objects here.
 You see here a murky potion (for sale, 133 zorkmids).
 The housecat drops a blindfold.
 The housecat picks up a murky potion.
 The housecat drops a murky potion.
 You have a forbidding feeling...
 A spellbook of force bolt lands on the altar.
 Your movements are now unencumbered.
 You have a little trouble lifting an uncursed spellbook of force bolt.  Continue? [ynq] (q)
 You have a little trouble lifting W - an uncursed spellbook of force bolt.
 Your movements are slowed slightly because of your load.
 Where do you want to travel to?
 (For instructions type a '?')
 You swap places with your housecat.
 You hear someone beseeching Ptah.
 You feel wise!
 You must have been very observant.
 You hit the human mummy!
 The human mummy hits!
 The human mummy hits again!
 You hit the human mummy!
 The human mummy hits!
 The human mummy hits again!
 The human mummy hits!
 The human mummy hits again!
 You hit the human mummy!
 The human mummy hits!
 The human mummy hits again!
 In what direction?
 You feel better.
 The human mummy hits!
 The human mummy hits again!
 The human mummy hits!
 The human mummy hits again!
 You die...
 Do you want your possessions identified? [ynq] (y)
 Do you want to see your attributes? [ynq] (y)
 Do you want an account of creatures vanquished? [ynaq] (y)

Inventory:
 Coins    ('$')
  $ - 365 gold pieces
 Weapons  (')')
  L - a blessed +0 dagger
  r - 3 +0 daggers
  a - a blessed +1 quarterstaff (weapon in hands)
 Armor    ('[')
  F - an uncursed +0 pair of gauntlets of dexterity
  b - an uncursed +0 cloak of magic resistance (being worn)
 Comestibles  ('%')
  B - 2 uncursed food rations
 Scrolls  ('?')
  G - an uncursed scroll of amnesia
  j - a blessed scroll of enchant weapon
  E - an uncursed scroll of enchant weapon
  i - 2 uncursed scrolls of identify
  h - 2 uncursed scrolls of light
  s - a blessed scroll of teleportation
 Spellbooks  ('+')
  l - an uncursed spellbook of cure blindness
  k - a blessed spellbook of force bolt
  W - an uncursed spellbook of force bolt
  t - an uncursed spellbook of healing
 Potions  ('!')
  x - 2 uncursed potions of monster detection
  g - an uncursed potion of object detection
  Q - an uncursed potion of see invisible
  R - an uncursed potion of sickness
  f - 3 uncursed potions of water
 Rings    ('=')
  e - an uncursed ring of cold resistance
  d - an uncursed +2 ring of increase damage
  J - a cursed ring of searching
  p - an uncursed ring of see invisible
 Wands    ('/')
  K - a wand of cancellation (0:7)
  c - a wand of fire (0:5)
  z - a wand of locking (0:4)
  u - a wand of polymorph (0:7)
  w - a wand of teleportation (0:5)
 Tools    ('(')
  o - an uncursed leather drum
  n - an uncursed blindfold
  V - a blessed brass lantern
  P - an uncursed lock pick
  m - a magic marker (0:21)
  H - an uncursed stethoscope
  v - an uncursed wax candle
 Gems/Stones  ('*')
  N - an uncursed worthless piece of blue glass
  y - 3 uncursed worthless pieces of green glass
  O - an uncursed worthless piece of orange glass
  D - 3 uncursed worthless pieces of white glass
  q - an uncursed worthless piece of yellowish brown glass
  A - 4 uncursed flint stones

Eisengrim the Wizard's attributes:

Background:
 You were a Thaumaturge, a level 7 male elven Wizard.
 You were chaotic, on a mission for Anhur
 who was opposed by Ptah (lawful) and Thoth (neutral).
 You were right-handed.
 You were in the Gnomish Mines, on level 7.
 You entered the dungeon 3211 turns ago.
 It was nighttime.
 You had 672 experience points, 608 more were needed to attain level 8.

Basics:
 You had 0 out of 43 hit points.
 You had 26 out of 74 energy points (spell power).
 Your armor class was 9.
 Your wallet contained 365 zorkmids.
 Autopickup was off.

Final Characteristics:
 Your strength was 10 (limit:18).
 Your dexterity was 15 (peak:16, limit:18).
 Your constitution was 16 (limit:16).
 Your intelligence was 19 (limit:20).
 Your wisdom was 10 (limit:20).
 Your charisma was 8 (limit:18).

Final Status:
 You weren't hungry.
 You were burdened; movement was slightly slowed.
 You were wielding a quarterstaff.
 You had basic skill with quarterstaff and could have enhanced that.

Final Attributes:
 You were piously aligned.
 You were magic-protected.
 You were sleep resistant.
 You had infravision.
 You were warded.
 You are dead.

Miscellaneous:
 You didn't encounter any bones levels.
 Total elapsed playing time was 58 minutes and 9 seconds.

Major events:
 Turn
    1: Eisengrim the chaotic male elven Wizard entered the dungeon
  982: attained the rank of Conjurer (level 3)
 1712: entered the Gnomish Mines
 2836: attained the rank of Thaumaturge (level 6)
 2859: reached Mine Town
 3211: killed by a human mummy

Spells:
 Name                 Level Category     Fail Retention
 force bolt             1   attack         0%   81%-90%
 cure blindness         2   healing       24%  76%-100%
 healing                1   healing        0%  76%-100%

Skills:
 Fighting Skills
   bare handed combat [Unskilled]
   riding             [Unskilled]
 Weapon Skills
   dagger             [Unskilled]
   knife              [Unskilled]
   axe                [Unskilled]
   short sword        [Unskilled]
   club               [Unskilled]
   mace               [Unskilled]
   quarterstaff       [Basic]
   polearms           [Unskilled]
   spear              [Unskilled]
   trident            [Unskilled]
   sling              [Unskilled]
   dart               [Unskilled]
   shuriken           [Unskilled]
 Spellcasting Skills
   attack spells      [Basic]
   healing spells     [Unskilled]
   divination spells  [Unskilled]
   enchantment spells [Basic]
   clerical spells    [Unskilled]
   escape spells      [Unskilled]
   matter spells      [Unskilled]

Voluntary challenges:
 Character rerolling was not enabled.
 You never genocided any monsters.
 You never polymorphed an object.
 You never changed form.
 You used no wishes.
Achievements:
 You attained the rank of Conjurer.
 You entered the Gnomish Mines.
 You attained the rank of Thaumaturge.
 You entered Minetown.
 You entered a shop.
 You entered a temple.

 The Dungeons of Doom: levels 1 to 5
    Level 1:
    Level 2:
       Many fountains.
    Level 3:
       A sink.
    Level 4:
       A sink.
       Stairs down to The Gnomish Mines.
    Level 5:
       A fountain.
 The Gnomish Mines: levels 5 to 7
    Level 5:
    Level 6:
    Level 7: <- You were here.
       Many shops, a temple and an altar, some fountains.
       Final resting place for
          you, killed by a human mummy.


Vanquished creatures:
  a large mimic
  a small mimic
  a housecat
  2 apes
  a yellow light
  2 shriekers
  2 gnome leaders
  2 gnomish wizards
  a kitten
  5 dwarves
  3 kobold shamans
  6 hill orcs
  a wererat
  a werejackal
 an iguana
 an acid blob
  3 hobbits
  2 manes
  2 giant rats
  4 cave spiders
  a yellow mold
  a red mold
 23 gnomes
  9 garter snakes
  a gnome zombie
  a gecko
  3 jackals
  2 foxes
  a goblin
  4 sewer rats
  6 grid bugs
  4 lichens
  2 newts
100 creatures vanquished.

No species were genocided or became extinct.

Game over:
                       ----------
                      /          \
                     /    REST    \
                    /      IN      \
                   /     PEACE      \
                  /                  \
                  |    Eisengrim     |
                  |      365 Au      |
                  |   killed by a    |
                  |   human mummy    |
                  |                  |
                  |                  |
                  |       2026       |
                 *|     *  *  *      | *
        _________)/\\_//(\/(/\)/\//\/|_)_______

Goodbye Eisengrim the Wizard...

You died in The Gnomish Mines on dungeon level 7 with 3317 points,
and 365 pieces of gold, after 3211 moves.
You were level 7 with a maximum of 43 hit points when you died.

